 Dungeon Crawl Stone Soup version 0.24.0-125-gc4c63601f3 (webtiles) character file.

Game seed: 13700940307956163456, levelgen mode: deterministic

30 Frank2 the Cudgeler (level 3, 0/27 HPs)
             Began as a Demonspawn Gladiator on Mar 13, 2020.
             Slain by an ooze (3 damage)
             ... on level 1 of the Dungeon.
             The game lasted 00:01:18 (420 turns).

Frank2 the Cudgeler (Demonspawn Gladiator)           Turns: 420, Time: 00:01:19

Health: 0/27       AC:  3    Str: 14    XL:     3   Next: 5%
Magic:  3/3        EV: 13    Int:  9    God:
Gold:   23         SH:  0    Dex: 15    Spells: 2/2 levels left

rFire    . . .     SeeInvis .   a - +0 flail
rCold    . . .     Gourm    .   (no shield)
rNeg     . . .     Faith    .   b - +0 leather armour
rPois    .         Spirit   .   (helmet restricted)
rElec    .         Reflect  .   (no cloak)
rCorr    .         Harm     .   (no gloves)
MR       .....                  (no boots)
Stlth    +.........             (no amulet)
HPRegen  0.09/turn              (no ring)
MPRegen  0.08/turn              (no ring)

@: no status effects
A: horns 1
a: no special abilities


You were on level 1 of the Dungeon.
You were not hungry.

You visited 1 branch of the dungeon, and saw 1 of its levels.

You collected 23 gold pieces.

Inventory:

Hand Weapons
 a - a +0 flail (weapon)
Missiles
 d - 3 throwing nets (quivered)
Armour
 b - a +0 leather armour (worn)
Scrolls
 c - a scroll of fog {unknown}
 e - a scroll of identify {unknown}
 g - a scroll of teleportation {unknown}
 i - a scroll of amnesia {unknown}
Comestibles
 f - 2 rations


   Skills:
 + Level 2.1 Fighting
 + Level 3.2 Maces & Flails
 - Level 1.7 Throwing
 + Level 0.6 Armour
 + Level 3.1 Dodging


You had 2 spell levels left.
You didn't know any spells.
Your spell library was empty.

Dungeon Overview and Level Annotations

Branches:
Dungeon (1/15)

Altars:


Innate Abilities, Weirdness & Mutations

You have a pair of small horns on your head.


Message History

The kobold hits you.
* * * LOW HITPOINT WARNING * * *
You barely miss the kobold. The kobold closely misses you.
You sock the kobold!
You kill the kobold!
The kobold barely misses you.
You hit the kobold.
The kobold is severely wounded.
The kobold hits you.
* * * LOW HITPOINT WARNING * * *
You barely miss the kobold.
The kobold is severely wounded.
The kobold hits you but does no damage.
You hit the kobold.
You kill the kobold!
The ooze hits you.
* * * LOW HITPOINT WARNING * * *
You hit the ooze but do no damage. Your headbutt misses the ooze.
The ooze hits you.
You die...

###### #########
####### #....#
#........ #......
#....####.#######
....... #....#........#
.......##....#........#
.......J@....'........#
....#####....#........#
. #....#........###
#######.####.....
#.#.(...... #[#.#..†)..
#.#.#...... .#........
...........


You could see an ooze.

Vanquished Creatures
  An ooze (D:1)
  A leopard gecko (D:1)
  4 goblins (D:1)
  4 hobgoblins (D:1)
  6 kobolds (D:1)
  A ball python (D:1)
  3 bats (D:1)
  A frilled lizard (D:1)
  3 rats (D:1)
24 creatures vanquished.

Vanquished Creatures (others)
  A minotaur (D:1)
  2 octopodes (D:1)
  2 gargoyles (D:1)
  A vine stalker (D:1)
  An elf (D:1)
  A troll (D:1)
  A formicid (D:1)
  A human (D:1)
  A naga (D:1)
  An ogre (D:1)
  A centaur (D:1)
  2 orcs (D:1)
  4 tentacles (D:1)
19 creatures vanquished.

Grand Total: 43 creatures vanquished

Notes
Turn   | Place    | Note
-------+----------+-------------------------------------------
     0 | D:1      | Frank2 the Demonspawn Gladiator began the quest for the
                  | Orb.
     0 | D:1      | Reached XP level 1. HP: 16/16 MP: 1/1
     2 | D:1      | Noticed an octopode
     2 | D:1      | Noticed a vine stalker
     2 | D:1      | Noticed a naga
     2 | D:1      | Noticed a minotaur
     2 | D:1      | Noticed a centaur
     2 | D:1      | Noticed an elf
     2 | D:1      | Noticed a human
     2 | D:1      | Noticed an octopode
     2 | D:1      | Noticed a kraken
     2 | D:1      | Noticed a gargoyle
     2 | D:1      | Noticed a gargoyle
     2 | D:1      | Noticed a troll
     2 | D:1      | Noticed a formicid
     2 | D:1      | Noticed an ogre
     4 | D:1      | Killed a minotaur
     7 | D:1      | Killed a centaur
     8 | D:1      | Killed a gargoyle
     8 | D:1      | Killed a naga
     9 | D:1      | Killed an octopode
     9 | D:1      | Killed a vine stalker
    11 | D:1      | Killed an octopode
    11 | D:1      | Killed a gargoyle
    11 | D:1      | Killed a human
    14 | D:1      | Killed an elf
    15 | D:1      | Killed a formicid
    16 | D:1      | Killed an ogre
    17 | D:1      | Killed a troll
    92 | D:1      | Gained mutation: You have a pair of small horns on your
                  | head. [demonic ancestry]
    92 | D:1      | Reached XP level 2. HP: 6/22 MP: 2/2
   413 | D:1      | Reached XP level 3. HP: 10/27 MP: 3/3
   420 | D:1      | Slain by an ooze

Levels and vault maps discovered:
D:1:      nicolae_arrival_kraken_aquarium_b, layout_basic

Skill      XL: |  1  2 |
---------------+-------+-----
Dodging        | 3 |  3.1
Maces & Flails | 3 |  3.2
Fighting       | |  2.1
Throwing       | |  1.7
Armour         | |  0.6

Action                   || total
-------------------------++-------
Melee: Flail             ||    72
       Headbutt          ||     5
 Stab: Sleeping          ||     1
Armor: Leather armour    ||    16
Dodge: Dodged            ||    59
